 Dungeon Crawl Stone Soup version 0.30-a0-918-g0ff054e9dc (webtiles) character file.

Game seed: 3602353590242492305

219 Twinkles the Chopper (level 5, 0/46 HPs)
             Began as a Hill Orc Reaver on Mar 20, 2023.
             Slain by an iguana (11 damage)
             ... on level 3 of the Dungeon on Mar 21, 2023.
             The game lasted 00:08:54 (2608 turns).

Twinkles the Chopper (Hill Orc Reaver)              Turns: 2608, Time: 00:08:54

Health: 0/46       AC:  6    Str: 17    XL:     5   Next: 96%
Magic:  8/8        EV: 11    Int: 13    God:
Gold:   147        SH:  0    Dex:  9    Spells: 7/8 levels left

rFire   . . .      SeeInvis .    a - +0 hand axe
rCold   . . .      Faith    .    (no shield)
rNeg    . . .      Spirit   .    f - +0 ring mail
rPois   .          Reflect  .    (no helmet)
rElec   .          Rampage  .    o - +0 cloak
rCorr   .                        (no gloves)
Will    .....                    (no boots) Stlth
                                 (no amulet)
HPRegen 0.27/turn                (no ring)
MPRegen 0.11/turn                (no ring)

@: no status effects
A: no striking features
a: no special abilities


You were on level 3 of the Dungeon.
You visited 1 branch of the dungeon, and saw 4 of its levels.

You collected 202 gold pieces.
You spent 55 gold pieces at shops.

Inventory:

Hand Weapons
 a - a +0 hand axe (weapon)
Missiles
 g - 6 poisoned darts
Armour
 b - a +0 leather armour
 f - a +0 ring mail (worn)
 o - a +0 cloak (worn)
Jewellery
 n - a ring of see invisible
Wands
 e - a wand of charming (7)
 h - a wand of roots (8)
 y - a wand of mindburst (13)
Scrolls
 c - 2 scrolls of magic mapping {unknown}
 i - a scroll of enchant armour {unknown}
 k - a scroll of enchant weapon {unknown}
 l - 2 scrolls of blinking {unknown}
 p - a scroll of amnesia {unknown}
 Z - 6 scrolls of identify
Potions
 d - a potion of ambrosia {unknown}
 j - a potion of magic {unknown}
 m - a potion of attraction {unknown}
 J - a potion of curing


   Skills:
 + Level 3.7 Fighting
 + Level 5.2 Axes
 + Level 2.5 Dodging
 + Level 2.4 Spellcasting
 + Level 3.9 Conjurations


You had 7 spell levels left.
You knew the following spells:

 Your Spells              Type           Power      Damage    Failure   Level
a - Kiss of Death         Conj/Necr      24%        2d7       21%         1

Your spell library contained the following spells:

 Spells                   Type           Power      Damage    Failure   Level
 Shock                    Conj/Air       24%        1d4       21%         1
 Momentum Strike          Conj/Tloc      12%        3d8       30%         2
 Hailstorm                Conj/Ice       6%         3d4       52%         3
 Call Canine Familiar     Summ           1%         N/A       80%         3
 Portal Projectile        Hex/Tloc       2%         N/A       80%         3
 Swiftness                Air            1%         N/A       80%         3
 Airstrike                Air            0%         2d(1-17)  99%         4
 Leda's Liquefaction      Hex/Erth       0%         N/A       99%         4


Dungeon Overview and Level Annotations

Branches:
Dungeon (4/15) Zot: 21369
 Temple: D:4-7

Altars:
Gozag
Nemelex Xobeh
Ru
Uskayaw

Shops:
D:1 *


Message History

You hit the hobgoblin.
You kill the hobgoblin!
The iguana barely misses you.
You completely miss the iguana.
The iguana is heavily wounded.
The iguana closely misses you.
You hit the iguana but do no damage.
The iguana is heavily wounded.
The iguana bites you!
You hit the iguana.
The iguana is severely wounded.
The iguana closely misses you.
You barely miss the iguana.
The iguana is severely wounded.
The iguana completely misses you.
The iguana bites you but does no damage.
You hit the iguana.
The iguana is almost dead.
The iguana closely misses you.
You hit the iguana but do no damage.
The iguana is almost dead.
The iguana closely misses you.
You hit the iguana.
The iguana is almost dead.
The iguana bites you!
* * * LOW HITPOINT WARNING * * *
You barely miss the iguana.
The iguana is almost dead.
The iguana barely misses you.
You hit the iguana but do no damage.
The iguana is almost dead.
The iguana barely misses you.
You closely miss the iguana.
The iguana is almost dead.
The iguana bites you.
* * * LOW HITPOINT WARNING * * *
You hit the iguana but do no damage.
The iguana is almost dead.
The iguana bites you!
You die...

#.#^.........#.##...#
#.######...#........#
#....#<†...###.#....#
####.###.#.##..>....#
#.###.#....#..##.#
#.............####
##.#.8.....8..#
#.......l....#
###....@.....#
#............#
#.#.........##
#.#.........#
#.#[8.....8.# ##
#...........# .#
#........#### .#
#.######## .#
#######.#


You could see an iguana.

Vanquished Creatures
  A hound (D:2)
  Jessica (D:2)
  An orc wizard (D:3)
  6 adders
  3 worms
  2 dart slugs (D:2)
  2 orcs (D:3)
  3 endoplasms
  2 giant cockroaches
  4 goblins
  7 hobgoblins
  6 jackals
  4 quokkas
  4 ball pythons
  11 bats
  3 frilled lizards
  5 kobolds
  4 rats
69 creatures vanquished.

Vanquished Creatures (others)
  3 fungi (D:3)
3 creatures vanquished.

Grand Total: 72 creatures vanquished

Notes
Turn   | Place    | Note
-------+----------+-------------------------------------------
     0 | D:1      | Twinkles the Hill Orc Reaver began the quest for the Orb.
     0 | D:1      | Reached XP level 1. HP: 18/18 MP: 3/3
    94 | D:1      | Reached XP level 2. HP: 25/25 MP: 4/4
   133 | D:1      | Found Lumeypeg's General Store.
   161 | D:1      | Bought a scroll of identify for 22 gold pieces
   443 | D:2      | Noticed Jessica
   449 | D:2      | Killed Jessica
   450 | D:2      | Reached XP level 3. HP: 17/31 MP: 5/5
   616 | D:2      | Reached XP level 4. HP: 38/38 MP: 7/7
   691 | D:2      | Found a faded altar of an unknown god.
  1618 | D:1      | Bought a potion of curing for 33 gold pieces
  1768 | D:3      | HP: 11/38 [worm (8)]
  1888 | D:3      | Reached XP level 5. HP: 45/45 MP: 8/8
  2053 | D:3      | Found a sacrificial altar of Ru.
  2126 | D:3      | Reached skill level 5 in Axes
  2307 | D:3      | Found a sparkling altar of Nemelex Xobeh.
  2307 | D:3      | Found an opulent altar of Gozag.
  2475 | D:4      | Found a hide-covered altar of Uskayaw.
  2604 | D:3      | HP: 12/46 [iguana (10)]
  2608 | D:3      | Slain by an iguana

Illustrated notes

Levels and vault maps discovered:
D:1:      lightli_arrival_maybe_door_vault, layout_rooms, serial_shops,
          nicolae_shop_statue_plus
D:2:      layout_loops_ring, chequers_ecumenical_altar_twisty, uniq_jessica
D:3:      layout_basic, grunt_temple_overflow_opulence,
          mainiacjoe_overflow_boulevard, st_stairs_1, minivault_5,
          item_on_display_a
D:4:      layout_basic, overflow_temple_1_default, serial_shops, shop,
          minmay_increasing_density

Skill      XL: |  1  2  3  4  5 |
---------------+----------------+-----
Fighting       | 3 |  3.7
Dodging        | 2 |  2.5
Spellcasting   | 2 |  2.4
Axes           | 5 |  5.2
Conjurations   | |  3.9

Action                     |  1- 3 |  4- 6 || total
---------------------------+-------+-------++-------
  Melee: Hand axe          |    59 |   216 ||   275
         Punch             |     1 |     2 ||     3
 Armour: Leather armour    |     4 |       ||     4
         Ring mail         |    23 |    98 ||   121
  Dodge: Dodged            |    46 |   135 ||   181

Table legend: (Time is in decaauts)
 A = Elapsed time spent in this place.
 B = Non-inter-level travel time spent in this place.
 C = Inter-level travel time spent in this place.
 D = Time resting spent in this place.
 E = Time spent auto-exploring this place.
 F = Levels seen in this place.
 G = Mean time per level.
                   A        B        C        D        E       F      G
               +--------+--------+--------+--------+--------+-----+--------+
         Total |   2629 |   2437 |    192 |    186 |   1667 |   4 |  657.2 |
       Dungeon |   2629 |   2437 |    192 |    186 |   1667 |   4 |  657.2 |
               +--------+--------+--------+--------+--------+-----+--------+

Top non-repeatable levels by time:
     D:3: 1140 daAuts
     D:2: 1005 daAuts
     D:1: 475 daAuts
     D:4: 8 daAuts
